 Dungeon Crawl Stone Soup version 0.16.1 (webtiles) character file.

66 lorenzova the Magician (level 3, -2/19 HPs)
             Began as a Deep Elf Fire Elementalist on Mar 23, 2015.
             Slain by an ice beast (5 damage)
             ... on level 3 of the Dungeon.
             The game lasted 00:05:16 (1989 turns).

lorenzova the Magician (Deep Elf Fire Elementalist) Turns: 1989, Time: 00:05:16

Health: -2/19      AC:  3    Str:  5    XL:     3   Next: 96%
Magic:  7/12       EV: 13    Int: 20    God:
Gold:   154        SH:  0    Dex: 15    Spells: 2 memorised, 6 levels left

rFire  . . .     SeeInvis .     j - +0 dagger
rCold  . . .     Clarity  .     a - +0 robe
rNeg   . . .     SustAb   .     (no shield)
rPois  .         Gourm    .     (no helmet)
rElec  .         Spirit   .     (no cloak)
rCorr  .         Warding  .     (no gloves)
rMut   .         Stasis   .     u - +0 pair of boots
MR     .....                    (no amulet)
Stlth  ++........               (no ring)
                                (no ring)

@: not resistant to hostile enchantments, unstealthy
A: no striking features
a: no special abilities


You were on level 3 of the Dungeon.
You were not hungry.

You visited 1 branch of the dungeon, and saw 3 of its levels.

You collected 154 gold pieces.

Inventory:

Hand weapons
 j - a +0 dagger (weapon)
Armour
 a - a +0 robe (worn)
 u - a +0 pair of boots (worn)
Jewellery
 p - an uncursed ring of protection from cold {unknown}
 s - a +1 ring of slaying {unknown}
Scrolls
 e - a scroll of identify {unknown}
 g - a scroll of fear {unknown}
 h - a scroll of immolation {unknown}
 n - a scroll of blinking {unknown}
 q - a scroll of amnesia {unknown}
 r - 4 scrolls of teleportation
Potions
 d - 3 potions of brilliance {unknown}
 i - a potion of haste {unknown}
 k - 2 potions of heal wounds {unknown}
 l - 2 potions of mutation {unknown}
 m - a potion of curing {unknown}
 o - a potion of ambrosia {unknown}
 t - a potion of agility {unknown}
Books
 b - a book of Flames

   Spells                             Type                      Level
   a - Flame Tongue                   Conjuration/Fire             1
   b - Throw Flame                    Conjuration/Fire             2
   c - Conjure Flame                  Conjuration/Fire             3
   d - Inner Flame                    Hexes/Fire                   3
   e - Sticky Flame                   Conjuration/Fire             4
   f - Fireball                       Conjuration/Fire             5
Comestibles
 c - 4 bread rations
 f - 2 meat rations
 v - 3 chunks of flesh


   Skills:
 - Level 2.4 Dodging
 - Level 2.4 Stealth
 + Level 4.4 Spellcasting
 + Level 3.2 Conjurations
 - Level 3.2 Fire Magic


You had 6 spell levels left.
You knew the following spells:

 Your Spells              Type           Power        Failure   Level  Hunger
a - Flame Tongue          Conj/Fire      ###..        3%          1    None
b - Conjure Flame         Conj/Fire      ###.....     12%         3    ###....


Dungeon Overview and Level Annotations

Branches:
Dungeon (3/15)

Altars:
Xom


Message History

The flame tongue hits the ice beast.
The ice beast appears unharmed.
The ice beast hits you but does no damage.
Casting: Flame Tongue
Confirm with . or Enter, or press ? or * to list all spells.
Aiming: Flame Tongue
Press: ? - help, Shift-Dir - straight line, f/p - ice beast
Aim: an ice beast The flame tongue misses the ice beast.
The ice beast closely misses you.
There is an open door here.
Casting: Flame Tongue
Confirm with . or Enter, or press ? or * to list all spells.
Aiming: Flame Tongue
Press: ? - help, Shift-Dir - straight line, f/p - ice beast
Aim: an ice beast The flame tongue hits the ice beast.
The ice beast melts!
The ice beast is moderately wounded.
The ice beast hits you.
* * * LOW HITPOINT WARNING * * *
The ice beast freezes you.
You die...

###...#.#####
..)...........
#####.#.......
#.##........
#.##.P.....####
#.##.# #..#..#
#.##.# #..#)[#P..
#....# #..#'##....##
#.#..##+#..#@.#.....
#.##.......#Y.#....#
#.##..P....##'##...#
#.##.####...#..#...#
#....# #.⌠.#).#.Y.#
#.#..# #...#..#...#
#.##.#
##..##'#...###+#
#.##.#
#.............#
#.##.#
+....PP........


You could see an ice beast.

Vanquished Creatures
  A worm (D:2)
  2 giant geckos (D:1)
  An ooze (D:1)
  3 orcs (D:3)
  7 goblins
  10 hobgoblins
  8 jackals (D:2)
  A ball python (D:2)
  5 bats
  A giant newt (D:2)
  5 kobolds
  4 rats
48 creatures vanquished.

Notes
Turn   | Place    | Note
--------------------------------------------------------------
     0 | D:1      | lorenzova, the Deep Elf Fire Elementalist, began the quest for the Orb.
     0 | D:1      | Reached XP level 1. HP: 10/10 MP: 5/5
   420 | D:1      | Reached XP level 2. HP: 15/15 MP: 3/8
  1146 | D:2      | Reached XP level 3. HP: 16/19 MP: 5/11
  1253 | D:2      | Learned a level 3 spell: Conjure Flame
  1373 | D:2      | Reached skill level 4 in Spellcasting
  1381 | D:2      | Found a shimmering altar of Xom.
  1381 | D:2      | Found a shimmering altar of Xom.
  1382 | D:2      | Found a shimmering altar of Xom.
  1390 | D:2      | Found a shimmering altar of Xom.
  1974 | D:3      | Noticed an ice beast
  1989 | D:3      | Slain by an ice beast

Action                   || total
-------------------------++-------
Melee: Unarmed           ||     2
       Dagger            ||     6
 Cast: Flame Tongue      ||    96
       Conjure Flame     ||     1
  Use: Scroll            ||     1
 Stab: Sleeping          ||     2
  Eat: Chunk             ||     3
